 Dungeon Crawl Stone Soup version 0.32-a0-711-g016ad743e0 (webtiles) character file.

Game seed: 10920438297677531473

161 Essalna the Digger (level 5, -9/28 HPs)
             Began as a Gargoyle Earth Elementalist on Mar 15, 2024.
             Killed by divine providence
             ... invoked by an orc priest
              (15 damage)
             ... on level 4 of the Dungeon.
             The game lasted 00:02:35 (2054 turns).

Essalna the Digger (Gargoyle Earth Elementalist)    Turns: 2054, Time: 00:02:36

Health: -9/28      AC:  7    Str: 11    XL:     5   Next: 42%
Magic:  4/10       EV: 11    Int: 18    God:
Gold:   95         SH:  0    Dex: 10    Spells: 6/10 levels left

rFire   . . .        l - +2 spear (venom)
rCold   . . .        (no shield)
rNeg    + . .        a - +0 robe
rPois   ∞            (no helmet)
rElec   +            (no cloak)
rCorr   .            e - +0 pair of gloves
SInv    .            (no boots)
Will    .....        (no amulet)
Stlth   ++           (no ring)
HPRegen 0.24/turn    (no ring)
MPRegen 0.12/turn

%: no passive effects
@: no status effects
A: sickness immunity, AC +4, negative energy resistance 1, electricity
resistance, torment resistance 1, petrification resistance
a: Convert to Beogh


You were on level 4 of the Dungeon.
You visited 1 branch of the dungeon, and saw 5 of its levels.

You collected 95 gold pieces.

Inventory:

Hand Weapons
 l - a +2 spear of venom (weapon)
Armour
 a - a +0 robe (worn)
 e - a +0 pair of gloves (worn)
Scrolls
 c - 9 scrolls of identify {unknown}
 f - a scroll of revelation {unknown}
 g - a scroll of amnesia {unknown}
 h - a scroll of fear {unknown}
 j - a scroll of enchant weapon {unknown}
Potions
 b - a potion of magic
 d - a potion of haste {unknown}
 i - a potion of invisibility {unknown}
 k - a potion of brilliance {unknown}


   Skills:
 - Level 1.5 Dodging
 - Level 2.1 Stealth
 + Level 3.3 Spellcasting
 + Level 3.2 Conjurations
 + Level 5.0 Earth Magic


You had 6 spell levels left.
You knew the following spells:

 Your Spells              Type           Power      Damage    Failure   Level
a - Sandblast             Erth           42%        2d11      1%          1
b - Stone Arrow           Conj/Erth      34%        3d9       9%          3

Your spell library contained the following spells:

 Spells                   Type           Power      Damage    Failure   Level
 Passwall                 Erth           21%        N/A       6%          3
 Sting                    Conj/Alch      32%        1d5       9%          1
 Mercury Vapours          Alch/Air       6%         N/A       24%         2
 Brom's Barrelling Bould  Conj/Erth      17%        2d4       28%         4
 Petrify                  Alch/Erth      12%        N/A       50%         4
 Olgreb's Toxic Radiance  Alch           3%         N/A       83%         4


Dungeon Overview and Level Annotations

Branches:
Dungeon (5/15)
 Temple: D:4-7

Altars:

Annotations:
D:5 Dowan, Duvessa


Innate Abilities, Weirdness & Mutations

You are immune to sickness and miasma.
Your stone body is resilient. (AC +4)
You are immune to poison.
You resist negative energy. (rN+)
You are resistant to electric shocks. (rElec)
You are resistant to unholy torment.
You are immune to petrification.


Message History

You barely resist.
The orc priest looks satisfied for a moment.
An orc is nearby!
Casting: Sandblast (safe; 1% risk of failure)
Confirm with . or Enter, or press ? or * to list all spells.
Aiming: Sandblast (safe; 1% risk of failure)
Press: ? - help, Shift-Dir - straight line, f - orc
Aim: an orc, wielding a +0 flail (83% to hit)
The blast of sand hits the orc.
The orc is almost dead.
Casting: Sandblast (safe; 1% risk of failure)
Confirm with . or Enter, or press ? or * to list all spells.
Aiming: Sandblast (safe; 1% risk of failure)
Press: ? - help, Shift-Dir - straight line, f/p - orc
Aim: an orc, wielding a +0 flail (almost dead, 83% to hit)
The blast of sand hits the orc!
You kill the orc!
The orc priest threatens, "Beogh's wrath is as vast as their mercy.
Make your choice!"
Casting: Sandblast (safe; 1% risk of failure)
Confirm with . or Enter, or press ? or * to list all spells.
Aiming: Sandblast (safe; 1% risk of failure)
Press: ? - help, Shift-Dir - straight line, f - orc priest
Aim: an orc priest, wielding a +0 hand axe (83% to hit)
The blast of sand hits the orc priest.
The orc priest is moderately wounded.
The orc priest closely misses you.
Casting: Sandblast (safe; 1% risk of failure)
Confirm with . or Enter, or press ? or * to list all spells.
Aiming: Sandblast (safe; 1% risk of failure)
Press: ? - help, Shift-Dir - straight line, f/p - orc priest
Aim: an orc priest, wielding a +0 hand axe (moderately wounded, 83% to hit)
The blast of sand hits the orc priest!
You kill the orc priest!
The orc priest calls down the wrath of Beogh upon you.
Beogh smites you!
* * * LOW HITPOINT WARNING * * *
The orc priest mumbles some strange prayers to Beogh against you.
Beogh smites you!
Ouch! That really hurt!
You die...

####### #.....#
#####.....#
#.........#
###.###.....#
#..o# #.....#
###)# #.....#
#@# #.....####
#.# #o.o......
##+###.....####
#.....oo...#
#........=.#
#..............
#......^.......
#.$............
#..............


You could see an orc priest.

Vanquished Creatures
  A phantom (D:3)
  An orc priest (D:4)
  3 gnolls (D:3)
  2 adders
  3 dart slugs
  2 orcs (D:4)
  3 endoplasms
  2 jackals (D:1)
  A quokka (D:1)
  4 ball pythons (D:1)
  7 bats
  A frilled lizard (D:1)
  5 goblins
  6 kobolds
  A rat (D:1)
42 creatures vanquished.

Notes
Turn   | Place    | Note
-------+----------+-------------------------------------------
     0 | D:1      | Essalna the Gargoyle Earth Elementalist began the quest for
                  | the Orb.
     0 | D:1      | Reached XP level 1. HP: 10/10 MP: 3/3
   197 | D:1      | Reached XP level 2. HP: 15/15 MP: 3/5
   315 | D:1      | Reached skill level 4 in Earth Magic
   552 | D:1      | Reached XP level 3. HP: 19/19 MP: 2/6
   634 | D:1      | Learned a level 3 spell: Stone Arrow
  1380 | D:2      | Found a faded altar of an unknown god.
  1870 | D:3      | Reached XP level 4. HP: 24/24 MP: 5/8
  1871 | D:3      | Noticed a phantom
  1930 | D:3      | Killed a phantom
  1931 | D:3      | Reached skill level 5 in Earth Magic
  1931 | D:3      | Reached XP level 5. HP: 18/28 MP: 0/9
  2015 | D:3      | You fall into a shaft and drop 1 floor!
  2035 | D:5      | Entered Level 5 of the Dungeon
  2035 | D:5      | Noticed Duvessa
  2035 | D:5      | Noticed Dowan
  2054 | D:4      | Killed from afar by an orc priest

Illustrated notes

Levels and vault maps discovered:
D:1:      scummos_arrival_forest, layout_basic
D:2:      layout_loops_ring, hellmonk_ecumenical_altar_inner_sanctum
D:3:      layout_basic, uniq_ijyb
D:4:      wad_river_or_something, layout_basic, serial_demonic,
          serial_demonic_b, serial_demonic_a, serial_demonic_e,
          serial_demonic_d, serial_demonic_e, serial_demonic_g,
          serial_demonic_a, uniq_eustachio
D:5:      layout_cave_pods, uniq_duvessa

Skill      XL: |  1  2  3  4 |
---------------+-------------+-----
Earth Magic    | 4 5 |  5.0
Conjurations   | 2 3 |  3.2
Spellcasting   | 3 |  3.3
Dodging        | |  1.5
Stealth        | |  2.1

Action                     |  1- 3 |  4- 6 || total
---------------------------+-------+-------++-------
   Cast: Sandblast         |    49 |    20 ||    69
 Armour: Robe              |    14 |     7 ||    21
  Dodge: Dodged            |     7 |     6 ||    13

Table legend: (Time is in decaauts)
 A = Elapsed time spent in this place.
 B = Non-inter-level travel time spent in this place.
 C = Inter-level travel time spent in this place.
 D = Time resting spent in this place.
 E = Time spent auto-exploring this place.
 F = Levels seen in this place.
 G = Mean time per level.
                   A        B        C        D        E       F      G
               +--------+--------+--------+--------+--------+-----+--------+
         Total |   2088 |   1982 |    106 |     35 |   1695 |   5 |  417.6 |
       Dungeon |   2088 |   1982 |    106 |     35 |   1695 |   5 |  417.6 |
               +--------+--------+--------+--------+--------+-----+--------+

Top non-repeatable levels by time:
     D:2: 940 daAuts
     D:1: 891 daAuts
     D:3: 214 daAuts
     D:4: 40 daAuts
     D:5: 1 daAuts
